| TOP OF THE 1ST |
|
Huron Cubs batting - Pitching for Sioux Falls Packers : RHP Joe Johnson
|
|
Pitching: RHP Joe Johnson
|
|
|
Batting: LHB Gary Varsho
|
0-0: TRIPLE (Flyball, 89XD, EV 107.5 MPH)
|
|
Batting: RHB Greg Zunino
|
0-0: Foul Ball, location: 2F 0-1: Ball 1-1: Foul Ball, location: 2F 1-2: Foul Ball, location: 2F 1-2: Ground out 4-3 (Groundball, 4, EV 101.3 MPH) Gary Varsho scores
|
|
Batting: RHB Mark Carreon
|
0-0: Ball 1-0: Ball 2-0: Fly out, F9 (Flyball, 9, EV 82.5 MPH)
|
|
Batting: RHB John Alvarez
|
0-0: Ball 1-0: Foul Ball, location: 2F 1-1: Ball 2-1: Ball 3-1: Foul Ball, location: 2F 3-2: Fly out, F8 (Line Drive, 8LM, EV 105.0 MPH)
|
| Top of the 1st over - 1 run, 1 hit, 0 errors, 0 left on base; Huron 1 - Sioux Falls 0 |
| BOTTOM OF THE 1ST |
|
Sioux Falls Packers batting - Pitching for Huron Cubs : RHP Ben Callahan
|
|
Pitching: RHP Ben Callahan
|
|
|
Batting: RHB Donald Devlin
|
0-0: Swinging Strike 0-1: Swinging Strike 0-2: Foul Ball, location: 2F 0-2: Foul Ball, location: 2F 0-2: Strikes out swinging
|
|
Batting: LHB Reggie West
|
0-0: Called Strike 0-1: Fly out, F8 (Flyball, 8LM, EV 83.1 MPH)
|
|
Batting: LHB Mike Aldrete
|
0-0: Ball 1-0: Foul Ball, location: 2F 1-1: Fly out, F8 (Line Drive, 8RM, EV 85.0 MPH)
|
| Bottom of the 1st over - 0 runs, 0 hits, 0 errors, 0 left on base; Huron 1 - Sioux Falls 0 |
| TOP OF THE 2ND |
|
Huron Cubs batting - Pitching for Sioux Falls Packers : RHP Joe Johnson
|
|
Batting: LHB Willis Gonzalez
|
0-0: Called Strike 0-1: Foul Ball, location: 2F 0-2: Ball 1-2: Foul Ball, location: 2F 1-2: SINGLE (Groundball, 34D, EV 106.3 MPH)
|
|
Batting: RHB Mike Stellern
|
0-0: Ball 1-0: Swinging Strike 1-1: Ball 2-1: Fielders Choice at 2nd, 1-6 (Groundball, 34S, EV 65.0 MPH)
|
|
Batting: LHB Rob Nelson
|
0-0: Ball 1-0: Called Strike 1-1: Ball 2-1: Swinging Strike 2-2: Foul Ball, location: 2F 2-2: Ball 3-2: Strikes out looking
|
|
Batting: SHB Keith Smith
|
0-0: Called Strike 0-1: Ball 1-1: Ball 2-1: DOUBLE (Line Drive, 9LS, EV 109.4 MPH) Mike Stellern to third Runner from 3rd tries for Home, SAFE, no throw by RF
|
|
Batting: RHB Phillip Wilson
|
0-0: Ball 1-0: Foul Ball, location: 2F 1-1: Called Strike 1-2: Ground out U3 (Groundball, 34S, EV 83.1 MPH)
|
| Top of the 2nd over - 1 run, 2 hits, 0 errors, 1 left on base; Huron 2 - Sioux Falls 0 |
| BOTTOM OF THE 2ND |
|
Sioux Falls Packers batting - Pitching for Huron Cubs : RHP Ben Callahan
|
|
Batting: LHB Randy Salava
|
0-0: Foul Ball, location: 2F 0-1: Ground out U3 (Groundball, 3L, EV 108.1 MPH)
|
|
Batting: SHB Gary Springer
|
0-0: Ground out U3 (Groundball, 34, EV 102.5 MPH)
|
|
Batting: LHB Richard Wilkinson
|
0-0: Fly out, F4 (Popup, 4S, EV 63.8 MPH)
|
| Bottom of the 2nd over - 0 runs, 0 hits, 0 errors, 0 left on base; Huron 2 - Sioux Falls 0 |
| TOP OF THE 3RD |
|
Huron Cubs batting - Pitching for Sioux Falls Packers : RHP Joe Johnson
|
|
Batting: LHB Gary Varsho
|
0-0: Ball 1-0: Called Strike 1-1: Called Strike 1-2: Ball 2-2: Foul Ball, location: 2F 2-2: Strikes out swinging
|
|
Batting: RHB Greg Zunino
|
0-0: Foul Ball, location: 2F 0-1: Ball 1-1: Ball 2-1: Ground out 4-3 (Groundball, 13, EV 90.6 MPH)
|
|
Batting: RHB Mark Carreon
|
0-0: Ground out 5-3 (Groundball, 5, EV 108.8 MPH)
|
| Top of the 3rd over - 0 runs, 0 hits, 0 errors, 0 left on base; Huron 2 - Sioux Falls 0 |
| BOTTOM OF THE 3RD |
|
Sioux Falls Packers batting - Pitching for Huron Cubs : RHP Ben Callahan
|
|
Batting: RHB Ben Amaya
|
0-0: Ground out 4-3 (Groundball, 4, EV 83.1 MPH)
|
|
Batting: RHB Ricky Jones
|
0-0: Called Strike 0-1: Ball 1-1: Ball 2-1: Fly out, F8 (Flyball, 8RXD, EV 89.4 MPH)
|
|
Batting: RHB Francisco Perez
|
0-0: Ball 1-0: SINGLE (Line Drive, 8RS, EV 96.9 MPH)
|
|
Batting: RHB Donald Devlin
|
0-0: Ball 1-0: TRIPLE (Groundball, 3L, EV 106.3 MPH) Francisco Perez scores
|
|
Batting: LHB Reggie West
|
0-0: Ground out U3 (Groundball, 3, EV 78.8 MPH)
|
| Bottom of the 3rd over - 1 run, 2 hits, 0 errors, 1 left on base; Huron 2 - Sioux Falls 1 |
| TOP OF THE 4TH |
|
Huron Cubs batting - Pitching for Sioux Falls Packers : RHP Joe Johnson
|
|
Batting: RHB John Alvarez
|
0-0: SINGLE (Line Drive, 7S, EV 103.1 MPH)
|
|
Batting: LHB Willis Gonzalez
|
0-0: Ball 1-0: Ball 2-0: Called Strike 2-1: Foul Ball, location: 2F 2-2: Ball 3-2: 2-RUN HOME RUN (Flyball, 89XD, EV 104.4 MPH), Distance : 389 ft
|
|
Batting: RHB Mike Stellern
|
0-0: Foul Ball, location: 2F 0-1: Foul Ball, location: 2F 0-2: Foul Ball, location: 2F 0-2: Ball 1-2: Strikes out looking
|
|
Batting: LHB Rob Nelson
|
0-0: Ground out 4-3 (Groundball, 4M, EV 81.3 MPH)
|
|
Batting: SHB Keith Smith
|
0-0: Foul Ball, location: 2F 0-1: Ball 1-1: Ball 2-1: Foul Ball, location: 2F 2-2: Foul Ball, location: 2F 2-2: Ball 3-2: Foul Ball, location: 2F 3-2: Base on Balls
|
|
Batting: RHB Phillip Wilson
|
0-0: Called Strike 0-1: Swinging Strike 0-2: Ball 1-2: Ground out 6-3 (Groundball, 6S, EV 89.4 MPH)
|
| Top of the 4th over - 2 runs, 2 hits, 0 errors, 1 left on base; Huron 4 - Sioux Falls 1 |
| BOTTOM OF THE 4TH |
|
Sioux Falls Packers batting - Pitching for Huron Cubs : RHP Ben Callahan
|
|
Batting: LHB Mike Aldrete
|
0-0: Ball 1-0: Foul Ball, location: 2F 1-1: Called Strike 1-2: Fly out, F9 (Flyball, 9LM, EV 96.3 MPH)
|
|
Batting: LHB Randy Salava
|
0-0: Ball 1-0: SINGLE (Groundball, 6MS, EV 87.5 MPH) (infield hit)
|
|
Batting: SHB Gary Springer
|
0-0: Called Strike Randy Salava steals 2nd base 0-1: Called Strike 0-2: Ball 1-2: SINGLE (Groundball, 4D, EV 98.1 MPH) Randy Salava to third Runner from 3rd tries for Home, SAFE, throw by RF to home Gary Springer to second
|
|
Batting: LHB Richard Wilkinson
|
0-0: Ball 1-0: Ground out 4-3 (Groundball, 4S, EV 83.1 MPH) Gary Springer to third
|
|
Batting: RHB Ben Amaya
|
0-0: Foul Ball, location: 2F 0-1: Called Strike 0-2: Foul Ball, location: 2F 0-2: Foul Ball, location: 2F 0-2: Strikes out looking
|
| Bottom of the 4th over - 1 run, 2 hits, 0 errors, 1 left on base; Huron 4 - Sioux Falls 2 |
| TOP OF THE 5TH |
|
Huron Cubs batting - Pitching for Sioux Falls Packers : RHP Joe Johnson
|
|
Batting: LHB Gary Varsho
|
0-0: Called Strike 0-1: Ball 1-1: SINGLE (Groundball, P, EV 96.3 MPH)
|
|
Batting: RHB Greg Zunino
|
0-0: Ball 1-0: Sac Bunt to 25 - play at first, batter OUT! 5-4 Gary Varsho to second
|
|
Batting: RHB Mark Carreon
|
0-0: Called Strike 0-1: Fly out, F8 (Flyball, 8RXD, EV 86.9 MPH) Runner from 2nd tags up, SAFE at 3rd, no throw by CF
|
|
Batting: RHB John Alvarez
|
0-0: Called Strike 0-1: Fly out, F8 (Flyball, 8RM, EV 86.9 MPH)
|
| Top of the 5th over - 0 runs, 1 hit, 0 errors, 1 left on base; Huron 4 - Sioux Falls 2 |
| BOTTOM OF THE 5TH |
|
Sioux Falls Packers batting - Pitching for Huron Cubs : RHP Ben Callahan
|
|
Batting: RHB Ricky Jones
|
0-0: Called Strike 0-1: Ball 1-1: Called Strike 1-2: Foul Ball, location: 2F 1-2: Ground out 3-1 (Groundball, 34, EV 101.9 MPH)
|
|
Batting: RHB Francisco Perez
|
0-0: Swinging Strike 0-1: Ball 1-1: Ball 2-1: Fly out, F8 (Flyball, 8RS, EV 97.5 MPH)
|
|
Batting: RHB Donald Devlin
|
0-0: Foul Ball, location: 2F 0-1: Foul Ball, location: 2F 0-2: Ball 1-2: Fly out, F8 (Line Drive, 8RD, EV 98.8 MPH)
|
| Bottom of the 5th over - 0 runs, 0 hits, 0 errors, 0 left on base; Huron 4 - Sioux Falls 2 |
| TOP OF THE 6TH |
|
Huron Cubs batting - Pitching for Sioux Falls Packers : RHP Joe Johnson
|
|
Batting: LHB Willis Gonzalez
|
0-0: Called Strike 0-1: Ball 1-1: Ball 2-1: Called Strike 2-2: Ball 3-2: SINGLE (Groundball, 25, EV 66.3 MPH) (infield hit)
|
|
Batting: RHB Mike Stellern
|
0-0: Fly out, F9 (Flyball, 9D, EV 98.8 MPH)
|
|
Batting: LHB Rob Nelson
|
0-0: Called Strike 0-1: Ball 1-1: Foul Ball, location: 2F 1-2: Ball 2-2: Ball 3-2: Fly out, F7 (Flyball, 7, EV 86.3 MPH)
|
|
Batting: SHB Keith Smith
|
0-0: Foul Ball, location: 2F 0-1: Ball 1-1: Ball 2-1: SINGLE (Groundball, 4MD, EV 100.0 MPH) Willis Gonzalez to second Runner from 2nd tries for 3rd, SAFE, no throw by CF
|
|
Batting: RHB Phillip Wilson
|
0-0: Called Strike 0-1: Ball 1-1: Ball 2-1: Ball 3-1: Called Strike 3-2: Ground out 5-3 (Groundball, 56, EV 90.6 MPH)
|
| Top of the 6th over - 0 runs, 2 hits, 0 errors, 2 left on base; Huron 4 - Sioux Falls 2 |
| BOTTOM OF THE 6TH |
|
Sioux Falls Packers batting - Pitching for Huron Cubs : RHP Ben Callahan
|
|
Batting: LHB Reggie West
|
0-0: Ball 1-0: Ball 2-0: Ground out 4-3 (Groundball, 4, EV 104.4 MPH)
|
|
Batting: LHB Mike Aldrete
|
0-0: Called Strike 0-1: DOUBLE (Line Drive, 7LS, EV 93.8 MPH)
|
|
Batting: LHB Randy Salava
|
0-0: Ball 1-0: DOUBLE (Line Drive, 8RXD, EV 108.8 MPH) Mike Aldrete scores
|
|
Batting: SHB Gary Springer
|
0-0: Called Strike Randy Salava is caught stealing 3rd base 2-5 0-1: Swinging Strike 0-2: Foul Ball, location: 2F 0-2: Ball 1-2: Ball 2-2: Strikes out looking
|
| Bottom of the 6th over - 1 run, 2 hits, 0 errors, 0 left on base; Huron 4 - Sioux Falls 3 |
| TOP OF THE 7TH |
|
Huron Cubs batting - Pitching for Sioux Falls Packers : RHP Joe Johnson
|
|
Batting: LHB Gary Varsho
|
0-0: Called Strike 0-1: Swinging Strike 0-2: Ball 1-2: Ball 2-2: Foul Ball, location: 2F 2-2: Ball 3-2: Base on Balls
|
|
Batting: RHB Greg Zunino
|
0-0: Ball 1-0: Sac Bunt to 25 - play at first, batter OUT! 5-3 Gary Varsho to second
|
|
Batting: RHB Mark Carreon
|
0-0: Intentional Walk
|
|
Batting: RHB John Alvarez
|
0-0: Ball 1-0: SINGLE (Groundball, 6MD, EV 103.8 MPH) Gary Varsho to third Mark Carreon to second Runner from 3rd tries for Home, SAFE, throw by CF to home
|
|
Batting: LHB Willis Gonzalez
|
0-0: Fly out, F2 (Popup, 23F, EV 87.5 MPH)
|
|
Batting: RHB Mike Stellern
|
0-0: Ball 1-0: Called Strike 1-1: Called Strike 1-2: Foul Ball, location: 2F 1-2: Foul Ball, location: 2F 1-2: Ball 2-2: Fielders Choice at 2nd, 5-4 (Groundball, 56, EV 86.9 MPH)
|
| Top of the 7th over - 1 run, 1 hit, 0 errors, 2 left on base; Huron 5 - Sioux Falls 3 |
| BOTTOM OF THE 7TH |
|
Sioux Falls Packers batting - Pitching for Huron Cubs : RHP Ben Callahan
|
|
Batting: LHB Richard Wilkinson
|
0-0: Ground out 4-3 (Groundball, 13, EV 88.1 MPH)
|
|
Batting: RHB Ben Amaya
|
0-0: Ball 1-0: Foul Ball, location: 2F 1-1: Foul Ball, location: 2F 1-2: Foul Ball, location: 2F 1-2: Strikes out swinging
|
|
Batting: RHB Ricky Jones
|
0-0: Ball 1-0: SOLO HOME RUN (Flyball, 7LD, EV 90.6 MPH), Distance : 349 ft
|
|
Batting: RHB Francisco Perez
|
0-0: Foul Ball, location: 2F 0-1: Fly out, F8 (Line Drive, 8RM, EV 85.6 MPH)
|
| Bottom of the 7th over - 1 run, 1 hit, 0 errors, 0 left on base; Huron 5 - Sioux Falls 4 |
| TOP OF THE 8TH |
|
Huron Cubs batting - Pitching for Sioux Falls Packers : RHP Joe Johnson
|
|
Pitching: RHP John Harshbarger
|
|
|
Batting: LHB Rob Nelson
|
0-0: Ball 1-0: Ground out 5-3 (Groundball, 5L, EV 106.9 MPH)
|
|
Batting: SHB Keith Smith
|
0-0: Called Strike 0-1: Foul Ball, location: 2F 0-2: Strikes out swinging
|
|
Batting: RHB Phillip Wilson
|
0-0: Called Strike 0-1: Foul Ball, location: 2F 0-2: Foul Ball, location: 2F 0-2: Ball 1-2: Ball 2-2: Foul Ball, location: 2F 2-2: Foul Ball, location: 2F 2-2: Ball 3-2: Foul Ball, location: 2F 3-2: Fly out, F5 (Line Drive, 5, EV 63.8 MPH)
|
| Top of the 8th over - 0 runs, 0 hits, 0 errors, 0 left on base; Huron 5 - Sioux Falls 4 |
| BOTTOM OF THE 8TH |
|
Sioux Falls Packers batting - Pitching for Huron Cubs : RHP Ben Callahan
|
|
Batting: RHB Donald Devlin
|
0-0: Ball 1-0: Ball 2-0: Foul Ball, location: 2F 2-1: SINGLE (Line Drive, 8LS, EV 90.6 MPH)
|
|
Batting: LHB Reggie West
|
0-0: Swinging Strike 0-1: Fly out, F7 (Line Drive, 7, EV 90.0 MPH)
|
|
Batting: LHB Mike Aldrete
|
0-0: Foul Ball, location: 2F 0-1: Foul Ball, location: 2F 0-2: Ball 1-2: Ball 2-2: Foul Ball, location: 2F 2-2: Fly out, F7 (Flyball, 7D, EV 85.6 MPH)
|
|
Batting: LHB Randy Salava
|
0-0: Foul Ball, location: 2F 0-1: Ball 1-1: Swinging Strike 1-2: Strikes out looking
|
| Bottom of the 8th over - 0 runs, 1 hit, 0 errors, 1 left on base; Huron 5 - Sioux Falls 4 |
| TOP OF THE 9TH |
|
Huron Cubs batting - Pitching for Sioux Falls Packers : RHP John Harshbarger
|
|
Pitching: LHP Michael Elliott
|
|
|
Batting: LHB Gary Varsho
|
0-0: Called Strike 0-1: Ball 1-1: Foul Ball, location: 2F 1-2: Strikes out swinging, 2-3 out at first.
|
|
Batting: RHB Greg Zunino
|
0-0: SINGLE (Flyball, 34D, EV 88.1 MPH)
|
|
Batting: RHB Mark Carreon
|
0-0: Ball 1-0: Ground out 5-3 (Groundball, 56S, EV 63.8 MPH) Greg Zunino to second
|
|
Batting: RHB John Alvarez
|
0-0: Ball 1-0: Ground out 4-3 (Groundball, 4, EV 86.3 MPH)
|
| Top of the 9th over - 0 runs, 1 hit, 0 errors, 1 left on base; Huron 5 - Sioux Falls 4 |
| BOTTOM OF THE 9TH |
|
Sioux Falls Packers batting - Pitching for Huron Cubs : RHP Ben Callahan
|
|
Pitching: LHP Jose Soto
|
|
|
Now at 2B: Chris Pittaro
|
|
|
Pinch Hitting: RHB Daniel Gausepohl
|
0-0: Called Strike 0-1: Ball 1-1: Called Strike 1-2: Strikes out swinging
|
|
Batting: LHB Richard Wilkinson
|
0-0: Called Strike 0-1: Foul Ball, location: 2F 0-2: Ball 1-2: Fly out, F8 (Flyball, 78S, EV 90.0 MPH)
|
|
Batting: RHB Ben Amaya
|
0-0: Called Strike 0-1: Called Strike 0-2: Ball 1-2: Ball 2-2: Ball 3-2: Base on Balls
|
|
Batting: RHB Ricky Jones
|
0-0: Ball 1-0: Foul Ball, location: 2F 1-1: SINGLE (Flyball, 89S, EV 88.1 MPH) Ben Amaya to second Runner from 2nd tries for 3rd, SAFE, no throw by RF
|
|
Pinch Hitting: RHB Kevin Miller
|
0-0: Called Strike 0-1: Ball 1-1: Ball 2-1: Foul Ball, location: 2F 2-2: Strikes out looking
|
| Bottom of the 9th over - 0 runs, 1 hit, 0 errors, 2 left on base; Huron 5 - Sioux Falls 4 |
|